Map: Świt ER (Void)

Players

sLeepisT

  • Race: Terran Terran
  • League: Master
  • Spawn Location: 7:00

OuO - Winner!

  • Race: Protoss Protoss
  • League: Master
  • Spawn Location: 1:00

VOD

Have the link to the VOD?

Description

Time

  • Played on: Jan. 21, 2017, 4:43 a.m.
  • Length: 13:40
Show
View Real Time Build Order
Export as new Build Order

sLeepisT Terran 

Build Orders: Cyclone Opening 

Get SALT Encoding   

  12  0:00  SCV  
  13  0:12  SCV  
  14  0:18  Supply Depot  
  14  0:25  Refinery  
  14  0:28  SCV  
  15  0:40  SCV  
  16  0:47  Barracks  
  16  0:52  SCV  
  17  1:05  SCV  
  18  1:17  SCV  
  19  1:29  SCV  
  20  1:35  Factory  
  20  1:41  Orbital Command  
  20  2:00  Command Center  
  20  2:08  Supply Depot  
  20  2:11  SCV  
  21  2:24  SCV  
  25  2:30  Cyclone  
  25  2:31  Barracks Reactor  
  25  2:36  SCV  
  26  2:43  Refinery  
  26  2:46  Supply Depot  
  26  2:48  SCV  
  27  3:01  SCV  
  27  3:05  Starport  
  28  3:13  SCV  
  28  3:16  Orbital Command  
  28  3:18  Hellion x2  
  33  3:25  SCV  
  34  3:31  Barracks Tech Lab  
  34  3:37  SCV  
  34  3:38  Widow Mine x2  
  39  3:41  SCV  
  40  3:49  SCV  
  41  4:05  SCV  
  42  4:14  Hellion  
  42  4:15  Hellion, SCV  
  42  4:16  Command Center  
  47  4:18  SCV  
  48  4:28  Raven  
  50  4:40  SCV  
  50  4:43  SCV  
  45  4:50  Cyclone x2  
  45  4:52  SCV  
  46  4:59  Command Center  
  46  5:02  SCV  
  45  5:11  SCV  
  46  5:16  Supply Depot, SCV  
  46  5:18  Supply Depot  
  47  5:23  SCV  
  48  5:31  SCV  
  48  5:35  Orbital Command  
  49  5:36  SCV  
  53  5:43  SCV, Refinery  
  53  5:48  SCV  
  55  5:52  Viking  
  55  5:55  SCV  
  58  6:00  SCV  
  58  6:01  SCV  
  60  6:06  Cyclone  
  60  6:07  Viking, SCV  
  63  6:12  SCV  
  63  6:13  SCV  
  63  6:17  Factory, Refinery  
  63  6:21  Barracks Reactor, SCV  
  64  6:27  SCV  
  64  6:34  Orbital Command  
  64  6:36  Armory  
  64  6:38  Cyclone  
  65  6:53  SCV x2  
  67  6:56  Orbital Command  
  67  7:03  Factory  
  67  7:05  SCV  
  67  7:06  SCV  
  67  7:08  Supply Depot  
  69  7:11  Barracks Reactor  
  69  7:18  SCV x2  
  71  7:31  SCV  
  71  7:35  Widow Mine  
  71  7:36  Widow Mine x2  
  72  7:38  SCV  
  72  7:39  SCV  
  72  7:44  SCV  
  72  7:45  Barracks  
  72  7:46  Barracks, Refinery  
  72  7:47  Refinery  
  72  7:51  Factory, SCV x2  
  74  7:55  Barracks Reactor  
  74  7:56  SCV  
  75  8:03  SCV x2  
  75  8:04  Terran Vehicle And Ship Armor Level 1, Widow Mine  
  75  8:05  Widow Mine  
  81  8:06  Widow Mine  
  81  8:07  Widow Mine x2, Engineering Bay  
  81  8:09  Engineering Bay, SCV  
  88  8:15  SCV x2  
  90  8:26  SCV  
  91  8:27  SCV x2  
  91  8:33  Widow Mine x2  
  97  8:36  Barracks Tech Lab  
  97  8:37  Barracks Reactor  
  97  8:38  Barracks  
  97  8:41  Terran Infantry Armor Level 1, Terran Infantry Weapons Level 1, SCV  
  97  8:42  Barracks, SCV x2  
  97  8:44  Barracks, SCV  
  97  8:45  Barracks  
  97  8:48  Widow Mine x3  
  101  8:53  SCV  
  108  9:01  Command Center  
  108  9:07  SCV  
  108  9:09  Stimpack  
  108  9:31  SCV x2  
  108  9:37  Barracks Reactor  
  108  9:38  Barracks Reactor x3  
  108  9:43  Supply Depot  
  108  9:44  Widow Mine x3, Supply Depot, SCV  
  108  9:45  Supply Depot  
  115  9:46  Barracks Reactor, Marine, SCV  
  115  9:49  Marine x2, SCV  
  115  9:51  Widow Mine x2  
  117  10:00  Terran Vehicle Weapons Level 1  
  117  10:04  Widow Mine, Medivac x2, Marine, SCV  
  117  10:05  Widow Mine  
  117  10:06  Marine x2, SCV x2  
  131  10:07  Supply Depot  
  131  10:10  Supply Depot  
  131  10:12  Widow Mine  
  130  10:16  SCV  
  130  10:18  SCV  
  130  10:20  Widow Mine  
  134  10:22  Marine x8  
  134  10:23  Marine x3  
  134  10:24  Marine  
  134  10:27  Marine  
  145  10:32  Widow Mine x4  
  145  10:34  Widow Mine, Medivac x2  
  157  10:36  Terran Infantry Weapons Level 2, Terran Infantry Armor Level 2  
  157  10:37  SCV  
  157  10:38  SCV  
  157  10:39  Marine  
  157  10:40  Marine x2  
  157  10:41  Orbital Command  
  154  10:52  Marine x2  
  154  10:53  Marine x4  
  154  10:54  Marine x2  
  159  11:05  Marine x3  
  159  11:06  Marine x2  
  159  11:07  Widow Mine x2  
  159  11:08  Widow Mine x4  
  159  11:09  Combat Shields, Widow Mine  
  168  11:12  Marine x3  
  168  11:13  Marine  
  168  11:15  Marine  
  168  11:18  Marine  
  172  11:19  Marine x2  
  172  11:23  Marine  
  172  11:24  Marine  
  164  11:29  Marine x5  
  158  11:34  Marine  
  158  11:36  Widow Mine x6  
  158  11:37  Marine x2  
  158  11:38  Marine  
  172  11:43  Supply Depot, Marine  
  172  11:44  Widow Mine, Medivac  
  172  11:45  Medivac, Supply Depot, SCV x3  
  172  11:46  Supply Depot  
  179  11:49  Marine  
  179  11:50  Supply Depot  
  180  12:00  Marine x2  
  180  12:01  Marine x3  
  180  12:02  Command Center, Marine x2  
  180  12:03  Marine x3  
  161  12:12  Marine  
  161  12:13  Widow Mine x3, Marine x2  
  161  12:14  Widow Mine x4  
  169  12:18  Marine x2  
  169  12:19  Marine x4  
  169  12:20  Marine  
  169  12:21  Marine x2  
  169  12:22  Marine  
  152  12:30  Marine  
  152  12:31  Marine x2  
  152  12:33  Supply Depot  
  152  12:36  Marine x2  
  147  12:37  Marine x5  
  147  12:39  Marine x2  
  147  12:40  Medivac  
  147  12:42  Widow Mine x4, Marine  
  163  12:47  Widow Mine x2  
  163  12:48  Marine  
  163  12:49  Marine x2  
  132  12:52  Widow Mine  
  132  12:54  Marine x2  
  132  12:55  Marine x5  
  132  12:57  Marine  
  134  13:00  Marine x2  
  135  13:06  Marine x3  
  135  13:10  Widow Mine  
  135  13:12  Marine x3  
  133  13:13  Marine x4  
  133  13:15  Marine  
  133  13:17  Marine  
  133  13:18  Marine  
Show
View Real Time Build Order
Export as new Build Order

OuO Protoss - Winner!

Build Orders: 1 Gate Expand, Oracle Opening 

Get SALT Encoding   

  12  0:01  Probe (Chrono Boost)  
  13  0:11  Probe (Chrono Boost)  
  14  0:20  Pylon  
  14  0:22  Probe (Chrono Boost)  
  15  0:38  Probe (Chrono Boost), Gateway  
  16  0:43  Assimilator  
  16  0:49  Probe (Chrono Boost)  
  17  0:59  Probe (Chrono Boost)  
  18  1:10  Probe (Chrono Boost)  
  19  1:24  Nexus  
  19  1:34  Cybernetics Core  
  19  1:37  Probe (Chrono Boost)  
  20  1:44  Assimilator  
  20  1:48  Probe (Chrono Boost)  
  20  1:53  Assimilator  
  21  2:02  Probe (Chrono Boost)  
  21  2:04  Pylon  
  22  2:15  Stargate  
  22  2:18  Probe (Chrono Boost)  
  22  2:20  Adept  
  26  2:30  Probe (Chrono Boost)  
  26  2:36  Probe (Chrono Boost)  
  27  2:37  Warp Gate  
  27  2:45  Adept  
  27  2:46  Probe (Chrono Boost)  
  27  2:48  Probe (Chrono Boost)  
  31  2:56  Oracle  
  33  2:58  Probe x2 (Chrono Boost)  
  36  3:10  Probe (Chrono Boost)  
  36  3:11  Probe (Chrono Boost)  
  36  3:12  Adept  
  40  3:22  Probe x2 (Chrono Boost)  
  40  3:26  Pylon  
  42  3:27  Oracle  
  46  3:34  Probe (Chrono Boost)  
  46  3:37  Assimilator  
  46  3:40  Assimilator  
  46  3:45  Probe (Chrono Boost)  
  46  3:46  Pylon  
  46  3:48  Probe (Chrono Boost)  
  50  3:56  Mothership Core (Chrono Boost)  
  50  4:06  Probe (Chrono Boost)  
  51  4:14  Probe (Chrono Boost)  
  53  4:18  Probe (Chrono Boost)  
  53  4:24  Probe (Chrono Boost)  
  53  4:30  Probe (Chrono Boost)  
  55  4:31  Fleet Beacon  
  55  4:35  Probe (Chrono Boost)  
  53  4:42  Probe (Chrono Boost)  
  55  4:45  Probe (Chrono Boost)  
  56  4:54  Probe (Chrono Boost)  
  56  4:56  Probe (Chrono Boost)  
  56  4:59  Stargate  
  57  5:02  Protoss Air Weapons Level 1  
  57  5:04  Forge  
  57  5:06  Probe x2 (Chrono Boost)  
  59  5:16  Pylon  
  59  5:20  Nexus  
  59  5:21  Pylon  
  59  5:23  Carrier  
  59  5:24  Pylon  
  59  5:30  Probe (Chrono Boost)  
  59  5:32  Probe (Chrono Boost)  
  67  5:37  Photon Cannon, Carrier  
  67  5:39  Photon Cannon  
  73  5:55  Probe (Chrono Boost)  
  73  6:05  Probe (Chrono Boost)  
  73  6:16  Probe (Chrono Boost)  
  75  6:18  Probe (Chrono Boost)  
  75  6:22  Twilight Council  
  75  6:23  Gateway  
  75  6:25  Gateway  
  75  6:26  Adept  
  75  6:28  Pylon, Gateway  
  78  6:34  Probe (Chrono Boost)  
  78  6:38  Probe (Chrono Boost)  
  79  6:41  Carrier  
  80  6:47  Probe (Chrono Boost)  
  80  6:49  Pylon  
  80  6:51  Pylon, Carrier  
  86  7:01  Resonating Glaives  
  86  7:06  Probe x2 (Chrono Boost)  
  94  7:10  Probe (Chrono Boost)  
  94  7:11  Assimilator  
  94  7:28  Pylon  
  90  7:30  Pylon  
  86  7:40  Probe x2 (Chrono Boost)  
  86  7:42  Probe (Chrono Boost)  
  89  7:44  Assimilator  
  91  7:52  Probe x3 (Chrono Boost)  
  91  7:54  Templar Archives  
  91  7:56  Carrier  
  92  7:59  Pylon  
  92  8:00  Pylon  
  92  8:03  Pylon  
  93  8:05  Probe (Chrono Boost)  
  93  8:07  Gateway  
  93  8:09  Gateway  
  99  8:13  Graviton Catapult  
  99  8:20  Carrier, Psionic Storm  
  105  8:39  Probe (Chrono Boost)  
  106  8:44  High Templar x2  
  106  8:45  High Templar  
  112  9:09  Adept  
  114  9:10  Carrier  
  114  9:14  Gateway  
  114  9:15  Gateway  
  114  9:17  Gateway  
  114  9:18  Gateway  
  120  9:26  Adept x3  
  120  9:46  Oracle  
  117  9:56  Robotics Facility  
  112  10:02  Adept  
  112  10:03  Adept x4  
  119  10:20  Nexus  
  119  10:21  Pylon, Oracle, Adept x2  
  123  10:22  Protoss Air Weapons Level 2  
  126  10:30  Carrier  
  126  10:32  Adept x5  
  126  10:33  Adept x3  
  148  10:51  Observer  
  133  11:03  High Templar x2  
  137  11:06  Pylon  
  127  11:29  High Templar x2  
  127  11:30  High Templar  
  133  11:37  Probe x2 (Chrono Boost)  
  133  11:38  Adept  
  133  11:39  Adept x4  
  145  11:45  Carrier, Probe (Chrono Boost)  
  147  11:47  Probe (Chrono Boost)  
  147  11:50  Adept x2  
  150  11:56  Assimilator, Probe (Chrono Boost)  
  150  11:59  Assimilator, Carrier  
  163  12:13  Pylon  
  144  12:56  Archon  
  144  13:09  Photon Cannon  
  144  13:10  Probe x2 (Chrono Boost)  
  144  13:12  Photon Cannon  
  145  13:13  Probe x2 (Chrono Boost)  
Tags
 
Add a new tag
Caveats
  • Supply blocks, unpowered buildings, or Contaminate may cause inaccurate times.
  • Supply counts are checked every 10 seconds.